 Dungeon Crawl Stone Soup version 0.18-a0-1637-g109f206 (webtiles) character file.

44 dohliylev the Sneak (level 3, 0/25 HPs)
             Began as a Vampire Enchanter on Mar 26, 2016.
             Succumbed to an adder's poison
             ... on level 2 of the Dungeon.
             The game lasted 00:04:13 (781 turns).

dohliylev the Sneak (Vampire Enchanter)              Turns: 781, Time: 00:04:14

Health: 0/25       AC:  6    Str:  7    XL:     3   Next: 39%
Magic:  6/7        EV: 13    Int: 17    God:
Gold:   95         SH:  0    Dex: 15    Spells: 1 memorised, 6 levels left

rFire  . . .     SeeInvis +     a - +1 dagger
rCold  . . .     Gourm    .     b - +1 robe
rNeg   + . .     Faith    .     (no shield)
rPois  .         Spirit   .     (no helmet)
rElec  .         Dismiss  .     (no cloak)
rCorr  .         Reflect  .     e - +2 pair of gloves {archery}
SustAt .         Harm     .     (no boots)
MR     .....                    (no amulet)
Stlth  +++.......               (no ring)
                                (no ring)

@: lethally poisoned (0 -> -7), not resistant to hostile enchantments, fairly
stealthy
A: fangs 3, see invisible, unbreathing
a: Bat Form


You were on level 2 of the Dungeon.
You were not thirsty.

You visited 1 branch of the dungeon, and saw 2 of its levels.

You collected 95 gold pieces.

Inventory:

Hand Weapons
 a - a +1 dagger (weapon)
 l - a cursed -1 short sword
Armour
 b - a +1 robe (worn)
 e - a +2 pair of gloves of archery (worn)
Scrolls
 f - 2 scrolls of remove curse {unknown}
 g - 2 scrolls of identify {unknown}
 h - a scroll of noise {unknown}
 k - a scroll of fear {unknown}
Potions
 d - 15 potions of blood
 i - a potion of ambrosia {unknown}
 j - a potion of curing {unknown}
Books
 c - a book of Maledictions

   Spells                             Type                      Level
   a - Corona                         Hexes                        1
   b - Ensorcelled Hibernation        Hexes/Ice                    2
   c - Confuse                        Hexes                        3
   d - Tukima's Dance                 Hexes                        3
   e - Dazzling Spray                 Conjuration/Hexes            3


   Skills:
 + Level 0.6 Fighting
 + Level 1.1 Short Blades
 + Level 2.5 Dodging
 + Level 4.9 Stealth
 + Level 2.6 Spellcasting
 + Level 4.8 Hexes


You had 6 spell levels left.
You knew the following spells:

 Your Spells              Type           Power        Failure   Level  Hunger
a - Corona                Hex            ###....      2%          1    #......


Dungeon Overview and Level Annotations

Branches:
Dungeon (2/15)

Altars:


Innate Abilities, Weirdness & Mutations

You have razor-sharp teeth.
You have supernaturally acute eyesight.
You can survive without breathing.


Message History

The adder bites you.
* * * LOW HITPOINT WARNING * * *
The hobgoblin barely misses you.
You hit the adder. Your bite misses the adder.
The adder is almost dead.
* * * LOW HITPOINT WARNING * * *
You feel sick. The adder barely misses you.
The hobgoblin hits you but does no damage.
You hit the adder but do no damage.
The adder is almost dead.
* * * LOW HITPOINT WARNING * * *
You feel sick. The adder bites you but does no damage.
You hit the adder but do no damage.
The adder is almost dead.
The adder stops glowing.
The adder barely misses you.
The hobgoblin hits you but does no damage.
The adder barely misses you.
You closely miss the adder.
The adder is almost dead.
You die...

...........##........
................#........
.................#........
....................#######
...............##.........
............... #..>......
.............####.........
#.........g..............
#.........S@†............
.#.......####.............
.........####.............
.........................
.........................
.........................
........................
.......................
............)####.....


You could see an adder and a hobgoblin.

Vanquished Creatures
  A ball python (D:1)
  8 bats
  A giant cockroach (D:1)
  3 goblins (D:1)
  14 hobgoblins
  3 giant newts (D:1)
  3 kobolds (D:1)
  4 rats
37 creatures vanquished.

Notes
Turn   | Place    | Note
--------------------------------------------------------------
     0 | D:1      | dohliylev the Vampire Enchanter began the quest for the Orb.
     0 | D:1      | Reached XP level 1. HP: 13/13 MP: 3/3
   148 | D:1      | Reached XP level 2. HP: 5/19 MP: 3/5
   345 | D:1      | Reached XP level 3. HP: 17/25 MP: 2/7
   779 | D:2      | HP: 1/25 [poisoned by an adder]
   781 | D:2      | Succumbed to an adder's poison

Vault maps used:
D:1:      dpeg_arrival_more_subterranean_lakeside_camping
D:2:      minmay_strange_pillars

Action                   || total
-------------------------++-------
Melee: Dagger            ||   125
 Cast: Corona            ||    26
 Stab: Sleeping          ||     8
  Eat: Corpse            ||     4
